[Event "Titled Tuesday Blitz January 31 Early 2023"]
[White "Ambartsumova, Karina"]
[Black "Jimenez, Joaquin"]
[WhiteFideId "4166299"]
[BlackFideId "109860"]
[WhiteElo "2393"]
[BlackElo "2195"]
[Result "0-1"]
[Round "07"]
[TimeControl "180+2"]
[Date "2023.01.31"]
[WhiteClock "0:00:09"]
[BlackClock "0:00:06"]

1. c4 Nf6 2. Nc3 e6 3. Nf3 d5 4. d4 Be7 5. Bg5 h6 6. Bh4 O-O 7. Qc2 Nbd7 8. e3 b6 9. Rd1 Bb7 10. Be2 dxc4 11. Bxc4 Nd5 12. Bg3 Nxc3 13. bxc3 Bxf3 14. gxf3 Nf6 15. Qe2 Nd5 16. Qc2 a5 17. O-O Bd6 18. e4 Bxg3 19. hxg3 Nf6 20. Bd3 Qe7 21. Kg2 e5 22. dxe5 Qxe5 23. f4 Qc5 24. e5 Ng4 25. Bh7+ Kh8 26. Bf5 Qc6+ 27. Kg1 h5 28. Qe2 Qxc3 29. Kg2 Qc6+ 30. Be4 Qc5 31. Rh1 Kg8 32. Rxh5 Nxf2 33. Bxa8 Nxd1 34. Be4 Ne3+ 35. Kf3 f5 36. exf6 Qxh5+ 37. Kxe3 Qxe2+ 38. Kxe2 gxf6 39. Bd5+ Kg7 40. Kf3 Rd8 41. Bc4 Rd4 42. Be6 Rd2 43. g4 b5 44. Ke4 a4 45. Kf5 b4 46. Bc4 Rc2 47. Be6 Rc5+ 48. Ke4 Rc2 49. Kf5 c5 50. g5 fxg5 51. Kxg5 c4 52. f5 Kf8 53. f6 b3 54. Bf5 Rg2+ 55. Kf4 bxa2 56. Ke5 a1=Q+ 57. Kd6 Qc3 58. Be6 Qd2+ 59. Kc5 Re2 60. Bd5 Re5 61. Kxc4 Qxd5+ 62. Kb4 Re4+ 63. Ka3 Qd3+ 0-1


[Site "https://www.chess.com"]

[Event "Titled Tuesday Blitz January 31 Early 2023"]
[White "Belov, Alexei"]
[Black "Mammadzada, Gunay"]
[WhiteFideId "4128206"]
[BlackFideId "13403729"]
[WhiteElo "2421"]
[BlackElo "2449"]
[Result "1-0"]
[Round "07"]
[TimeControl "180+2"]
[Date "2023.01.31"]
[WhiteClock "0:00:37"]
[BlackClock "0:00:02"]

1. e4 c5 2. Nf3 d6 3. d4 cxd4 4. Nxd4 Nf6 5. Nc3 a6 6. Be2 e5 7. Nb3 Be7 8. O-O O-O 9. Kh1 Be6 10. f4 exf4 11. Bxf4 Nc6 12. Qe1 Ne5 13. Rd1 Qc7 14. Qg3 Kh8 15. Nd4 b5 16. a3 Rac8 17. Bg5 Ng8 18. Bc1 Nf6 19. Nf5 Bxf5 20. Rxf5 Qc6 21. Bd3 Nxd3 22. cxd3 Nd7 23. Rff1 Bf6 24. Nd5 Be5 25. Qf2 Qc2 26. Qf5 Nf6 27. Ne3 Qb3 28. d4 Rxc1 29. Rxc1 Bxd4 30. Nd5 g6 31. Qf4 Nxd5 32. exd5 Be5 33. Qf2 Qxb2 34. Qa7 Kg7 35. Rc7 1-0


[Site "https://www.chess.com"]

[Event "Titled Tuesday Blitz January 31 Early 2023"]
[White "Aaditya Dhingra"]
[Black "Wahedi, Ahmad Siar"]
[WhiteFideId "25678191"]
[BlackFideId "4651260"]
[WhiteElo "2027"]
[BlackElo "2274"]
[Result "0-1"]
[Round "07"]
[TimeControl "180+2"]
[Date "2023.01.31"]
[WhiteClock "0:00:10"]
[BlackClock "0:00:32"]

1. d4 d5 2. Bf4 Nf6 3. e3 c5 4. c3 Nc6 5. Nd2 e6 6. Ngf3 Bd6 7. Bg3 b6 8. Bd3 Bb7 9. Ne5 Bxe5 10. dxe5 Nd7 11. f4 h5 12. h3 h4 13. Bf2 Qe7 14. e4 d4 15. Nf3 dxc3 16. bxc3 O-O-O 17. Qe2 f6 18. exf6 gxf6 19. O-O Rdg8 20. Bxh4 e5 21. Bc4 Rg7 22. f5 Na5 23. Be6 Kc7 24. Rad1 Nf8 25. Bd5 Rgh7 26. Bf2 Qg7 27. Kh2 Qg4 28. Ng1 Rxh3+ 29. gxh3 Rxh3+ 30. Nxh3 Qxe2 31. Rde1 Qh5 32. Bxb7 Kxb7 33. Rg1 Ka6 34. Rg7 Nc4 35. Reg1 Nd2 36. Re7 Nf3+ 37. Kg2 Qg4+ 38. Kf1 Qxh3+ 39. Ke2 Nxg1+ 40. Bxg1 Qg4+ 41. Kf1 Qxe4 42. Rf7 Qxf5+ 0-1


[Site "https://www.chess.com"]

[Event "Titled Tuesday Blitz January 31 Early 2023"]
[White "Gressmann, Moritz"]
[Black "Martynov, Pavel"]
[WhiteFideId "24695084"]
[BlackFideId "4101260"]
[WhiteElo "2129"]
[BlackElo "2414"]
[Result "0-1"]
[Round "07"]
[TimeControl "180+2"]
[Date "2023.01.31"]
[WhiteClock "0:00:01"]
[BlackClock "0:00:11"]

1. c4 e6 2. Nf3 d5 3. e3 c5 4. b3 Nc6 5. Bb2 Nf6 6. Be2 Be7 7. O-O O-O 8. cxd5 exd5 9. d4 a6 10. dxc5 Bxc5 11. Nc3 Re8 12. Rc1 Ba7 13. Na4 Ne4 14. Nc3 Nf6 15. Na4 Be6 16. Nc5 Bxc5 17. Rxc5 Ne4 18. Rc1 Qa5 19. a3 Rad8 20. Nd4 Bd7 21. b4 Qb6 22. Bf3 Ne5 23. Be2 Qg6 24. Nf3 Nc4 25. Bxc4 dxc4 26. Ne5 Qe6 27. Qc2 Bc6 28. Qxc4 Qxc4 29. Nxc4 Bb5 30. f3 Bxc4 31. Rxc4 Nd2 32. Rc7 Nxf1 33. Kxf1 Rxe3 34. Rxb7 h6 35. Rb6 Rb3 36. Be5 Rd2 37. Bg3 Rb1+ 38. Be1 Rdd1 39. Rb8+ Kh7 40. Re8 Rb3 41. a4 Rxb4 42. a5 Rb2 43. Re5 Ra1 44. f4 f6 45. Rd5 Kg6 46. Rd4 Rba2 0-1


[Site "https://www.chess.com"]

[Event "Titled Tuesday Blitz January 31 Early 2023"]
[White "Forgacs, Attila Jr."]
[Black "EREBUNI91"]
[WhiteFideId "773654"]
[WhiteElo "2264"]
[BlackElo "2542"]
[Result "1-0"]
[Round "07"]
[TimeControl "180+2"]
[Date "2023.01.31"]
[WhiteClock "0:00:19"]
[BlackClock "0:00:01"]

1. e4 c6 2. d4 d5 3. Nd2 dxe4 4. Nxe4 Nf6 5. Nxf6+ exf6 6. c3 Bd6 7. Bd3 O-O 8. Qc2 Re8+ 9. Ne2 h6 10. Be3 Qc7 11. Ng3 Bf4 12. Qd2 Qe7 13. Nf1 Bg4 14. h3 Bh5 15. g4 Bg6 16. Bxg6 fxg6 17. O-O-O Bd6 18. d5 c5 19. h4 Nd7 20. g5 fxg5 21. hxg5 h5 22. Qc2 Qf7 23. Nd2 Bf8 24. Nc4 b5 25. Na5 c4 26. Nc6 Bc5 27. Bd4 Bxd4 28. Nxd4 Nc5 29. Kb1 Nd3 30. Ne6 Rab8 31. Rxd3 cxd3 32. Qxd3 b4 33. c4 b3 34. axb3 a5 35. f4 Qb7 36. Rh3 Qf7 37. Rf3 Re7 38. Kc2 Reb7 39. Nc5 Rc7 40. Na6 a4 41. Nxb8 axb3+ 42. Qxb3 Qxd5 43. c5 Rxc5+ 44. Rc3 1-0


[Site "https://www.chess.com"]

[Event "Titled Tuesday Blitz January 31 Early 2023"]
[White "Kim, Sergey"]
[Black "Battlecruiser_Operational"]
[WhiteFideId "13700570"]
[WhiteElo "2295"]
[BlackElo "2422"]
[Result "1-0"]
[Round "07"]
[TimeControl "180+2"]
[Date "2023.01.31"]
[WhiteClock "0:00:33"]
[BlackClock "0:00:17"]

1. d4 e6 2. c4 f5 3. g3 Nf6 4. Bg2 d5 5. Qc2 c6 6. Nh3 Be7 7. O-O O-O 8. Nd2 Qe8 9. Nf4 g5 10. Nd3 Nbd7 11. Nf3 Ne4 12. Nfe5 Qh5 13. f3 Nd6 14. b3 Nf6 15. Nc5 h6 16. Bd2 Re8 17. Rae1 b6 18. Ncd3 Bb7 19. c5 Nb5 20. e3 Rec8 21. a4 Nc7 22. b4 b5 23. Nf2 Bf8 24. g4 fxg4 25. Nfxg4 Nxg4 26. fxg4 Qe8 27. Rf7 Bg7 28. Qg6 1-0


[Site "https://www.chess.com"]

[Event "Titled Tuesday Blitz January 31 Early 2023"]
[White "Gjestemoen-VonHirsch, Andre"]
[Black "Al-Tarboush, Ward"]
[WhiteFideId "1539531"]
[BlackFideId "7601450"]
[WhiteElo "2314"]
[BlackElo "2256"]
[Result "1-0"]
[Round "07"]
[TimeControl "180+2"]
[Date "2023.01.31"]
[WhiteClock "0:00:04"]
[BlackClock "0:00:04"]

1. d4 d5 2. Bf4 Nf6 3. e3 Nc6 4. c4 e6 5. Nc3 Bd6 6. Bg3 Ne4 7. cxd5 exd5 8. Nf3 O-O 9. Bd3 Bf5 10. a3 Re8 11. Rc1 a6 12. Nh4 Nxg3 13. hxg3 Rxe3+ 14. fxe3 Bxg3+ 15. Kf1 Bxd3+ 16. Qxd3 Bxh4 17. Qf5 g6 18. Qh3 Qf6+ 19. Ke2 Qf2+ 20. Kd3 Re8 21. Rc2 Qf6 22. Qxh4 Qf5+ 23. Kd2 Na5 24. Qxh7+ Kf8 25. Qh8+ Ke7 26. Qe5+ Qxe5 27. dxe5 Nc4+ 28. Kd3 Nxe5+ 29. Kd4 Kd6 30. Nxd5 Nc6+ 31. Rxc6+ bxc6 32. Nf6 c5+ 33. Kc4 Rxe3 34. Rc1 Re2 35. Rd1+ Kc6 36. Nd5 Rc2+ 37. Kb3 Rxg2 38. Ne7+ Kb7 39. Rd7 c4+ 40. Kxc4 Rxb2 41. Nd5 Rc2+ 42. Kd3 Rc5 43. Kd4 Rc1 44. Rxf7 g5 45. Rg7 Rd1+ 46. Kc5 Rc1+ 47. Kb4 Rb1+ 48. Ka4 Kc6 49. Nb4+ Kb7 50. Rxg5 Rb2 51. Rg6 Rd2 52. Nxa6 c6 53. Nb4 c5 54. Rg7+ Kb6 55. Rg6+ Kb7 56. Nc6 c4 57. Na5+ Ka7 58. Nxc4 Rd4 59. Kb5 Rh4 60. a4 Rh5+ 61. Kb4 Rh1 62. a5 Rb1+ 63. Kc5 Rb3 64. Rg7+ Ka6 65. Rg6+ Ka7 66. Rb6 Rc3 67. Kb4 Rc1 68. Nd6 Rb1+ 69. Kc5 Rc1+ 70. Kd5 Rd1+ 71. Kc6 Rc1+ 72. Kd7 Ra1 73. Nb5+ Ka8 74. a6 Rd1+ 75. Rd6 Rb1 76. Kc6 Rc1+ 77. Kb6 Rc8 78. Rd7 Rb8+ 79. Ka5 Rh8 80. Ra7+ Kb8 81. Rb7+ Ka8 82. Nc7# 1-0


[Site "https://www.chess.com"]

[Event "Titled Tuesday Blitz January 31 Early 2023"]
[White "Andreev, Konstantin"]
[Black "Najdin, Danil"]
[WhiteFideId "24239305"]
[BlackFideId "4172426"]
[WhiteElo "2195"]
[BlackElo "2235"]
[Result "0-1"]
[Round "07"]
[TimeControl "180+2"]
[Date "2023.01.31"]
[WhiteClock "0:00:13"]
[BlackClock "0:00:09"]

1. e4 g6 2. d4 c6 3. Nc3 d5 4. e5 Bg7 5. f4 h5 6. Be3 Nh6 7. h3 f6 8. Bd3 Bf5 9. Nf3 Nd7 10. Nh4 Kf7 11. Nxf5 Nxf5 12. Bf2 h4 13. Qg4 e6 14. O-O-O Bh6 15. Kb1 fxe5 16. dxe5 Bf8 17. Rhe1 Bc5 18. Ne4 dxe4 19. Bc4 Qe7 20. Rxd7 Qxd7 21. Bxc5 Rad8 22. a4 b6 23. Bb4 b5 24. axb5 cxb5 25. Bb3 e3 26. Ba5 Rc8 27. Rd1 Qc6 28. c3 Rb8 29. Rd6 Qe4+ 30. Ka2 Nxd6 31. Qxe6+ Kg7 32. Qe7+ Nf7 33. Qxf7+ Kh6 34. Qe7 Qxf4 35. c4 bxc4 36. Bc2 Rhe8 37. Qd6 Qg5 38. Bc3 Rb6 39. Qc7 e2 40. Qf7 e1=Q 41. Bxe1 Rxe5 42. Bc3 Ra5+ 43. Bxa5 Qxa5+ 44. Kb1 Qe1+ 45. Ka2 Qe6 46. Qf8+ Kg5 47. Qf3 Qe5 48. Qa3 Qe6 49. Qf3 Ra6+ 50. Kb1 Qe1+ 51. Bd1 Rd6 52. Kc2 Rxd1 53. Qxd1 Qxd1+ 54. Kxd1 Kf4 55. Kc2 Kg3 56. Kc3 Kxg2 57. Kxc4 Kxh3 58. Kb5 Kg3 59. Ka6 h3 60. Kxa7 h2 61. b4 h1=Q 62. b5 Qd5 63. b6 Qb5 64. b7 Qxb7+ 65. Kxb7 g5 0-1


[Site "https://www.chess.com"]

[Event "Titled Tuesday Blitz January 31 Early 2023"]
[White "Sukandar, Irine Kharisma"]
[Black "Estrada Nieto, Julian"]
[WhiteFideId "7101937"]
[BlackFideId "5101018"]
[WhiteElo "2390"]
[BlackElo "2215"]
[Result "1-0"]
[Round "07"]
[TimeControl "180+2"]
[Date "2023.01.31"]
[WhiteClock "0:00:15"]
[BlackClock "0:00:10"]

1. d4 d5 2. Bf4 Nf6 3. e3 c5 4. Nd2 Nc6 5. Ngf3 cxd4 6. exd4 Qb6 7. Nb3 Bf5 8. c3 e6 9. Bd3 Bxd3 10. Qxd3 Be7 11. O-O O-O 12. Rae1 a5 13. Qe2 Ne4 14. h3 a4 15. Nbd2 Qxb2 16. Nxe4 Qxe2 17. Rxe2 dxe4 18. Rxe4 Rfc8 19. Rb1 Na5 20. d5 Bf6 21. dxe6 fxe6 22. Rxe6 Bxc3 23. Ne5 a3 24. Nd7 Rc6 25. Re7 Bb2 26. Be5 Bxe5 27. Nxe5 Rc2 28. Rd1 Rf8 29. Rdd7 Rfxf2 30. Rxg7+ Kf8 31. Nd3 Rfd2 32. Rxh7 Rxg2+ 33. Kf1 Kg8 34. Rhe7 Kf8 35. Rf7+ Kg8 36. Ne5 Rgd2 37. Rg7+ Kf8 38. Ng6+ Ke8 39. Rde7+ Kd8 40. Rg8# 1-0


[Site "https://www.chess.com"]

[Event "Titled Tuesday Blitz January 31 Early 2023"]
[White "Gureeva, Dina"]
[Black "Sharapov, Evgeny"]
[WhiteFideId "4170695"]
[BlackFideId "14103133"]
[WhiteElo "2178"]
[BlackElo "2375"]
[Result "1/2-1/2"]
[Round "07"]
[TimeControl "180+2"]
[Date "2023.01.31"]
[WhiteClock "0:00:21"]
[BlackClock "0:00:23"]

1. d4 Nf6 2. c4 e6 3. Nf3 Bb4+ 4. Bd2 c5 5. Bxb4 cxb4 6. Nbd2 O-O 7. g3 d6 8. Bg2 Nc6 9. O-O e5 10. d5 Na5 11. e4 Nd7 12. Qe2 b6 13. Nb3 Nxb3 14. axb3 a5 15. Ne1 Nc5 16. Qc2 f5 17. f3 fxe4 18. fxe4 Rxf1+ 19. Kxf1 Bg4 20. Nd3 Nxd3 21. Qxd3 Qc7 22. Kg1 Qc5+ 23. Kh1 Rf8 24. h3 Bd7 25. Rf1 Rxf1+ 26. Qxf1 Qe3 27. Qg1 Qxg1+ 28. Kxg1 a4 29. bxa4 Bxa4 30. Kf2 Bb3 31. Bf1 Kf7 32. Ke3 Kf6 33. Kd3 Kg5 34. Be2 h6 35. Kd2 Kf6 36. Kd3 Ke7 37. Kd2 Kd8 38. Kd3 Kc7 39. Kd2 Kb7 40. Bf1 Ba4 41. Be2 Bd7 42. h4 Bh3 43. Kc2 Bg2 44. Bd3 b5 45. Kb3 bxc4+ 46. Kxc4 Kb6 47. Kxb4 Bf3 48. Kc4 Bg2 49. b4 Bf3 50. Kc3 Bg2 51. Kd2 Bh3 52. Ke3 Bd7 53. Kf3 Bc8 54. Ke3 Bd7 55. Kd2 Bc8 56. Kc3 Bd7 57. Be2 Bc8 58. g4 g5 59. hxg5 hxg5 60. Kb3 Bd7 61. Kc3 1/2-1/2


[Site "https://www.chess.com"]

[Event "Titled Tuesday Blitz January 31 Early 2023"]
[White "Hoffmann, Asa"]
[Black "Kalogeris, Ioannis"]
[WhiteFideId "2001470"]
[BlackFideId "4239563"]
[WhiteElo "2185"]
[BlackElo "2423"]
[Result "0-1"]
[Round "07"]
[TimeControl "180+2"]
[Date "2023.01.31"]
[WhiteClock "0:00:04"]
[BlackClock "0:00:19"]

1. d4 Nf6 2. Bg5 Ne4 3. Bf4 d5 4. f3 Nd6 5. Nc3 c6 6. e4 e6 7. Bd3 Nd7 8. Qd2 Be7 9. Nge2 Nc4 10. Bxc4 dxc4 11. O-O-O Qa5 12. Kb1 b5 13. Ka1 b4 14. Nb1 O-O 15. d5 cxd5 16. exd5 exd5 17. Qxd5 Qxd5 18. Rxd5 Nb6 19. Rdd1 Bf6 20. c3 a5 21. Nd4 Bd7 22. Rhe1 Rfc8 23. g4 h6 24. Be5 Bh4 25. Re2 Na4 26. Bg3 Bf6 27. Be5 Bh4 28. Bg3 Bd8 29. Nf5 Bxf5 30. gxf5 Bf6 31. Be5 Re8 32. Rde1 Bh4 33. Bg3 Rxe2 34. Rxe2 Bf6 35. Be5 Re8 36. f4 Rd8 37. Bxf6 gxf6 38. Re1 Rd3 39. cxb4 axb4 40. Rc1 Rd4 41. b3 Nb6 42. bxc4 Nxc4 43. Rf1 Kf8 44. a4 bxa3 45. Ka2 Rd3 46. Rc1 Nd6 47. Nxa3 Nxf5 48. Rc5 Nd4 49. Rh5 Rd2+ 50. Kb1 Kg7 51. Nc4 Rf2 52. Rh4 Nf5 53. Rh3 Rxf4 54. Ne3 Nxe3 55. Rxe3 Rf1+ 56. Kc2 Rf2+ 57. Kd3 Rxh2 58. Rg3+ Kf8 59. Ke4 Rh5 60. Kf4 Rg5 61. Rh3 Kg7 62. Rh1 Kg6 63. Rh2 f5 64. Rh1 Rg4+ 65. Kf3 Kg5 66. Rh2 h5 67. Rh1 f4 68. Rh2 Rg3+ 69. Kf2 Kg4 70. Rh1 f5 71. Rh2 h4 72. Rh1 f3 73. Rh2 Rg2+ 74. Rxg2+ fxg2 75. Kxg2 f4 76. Kh2 Kf3 77. Kh3 Ke2 0-1


[Site "https://www.chess.com"]

[Event "Titled Tuesday Blitz January 31 Early 2023"]
[White "Shapiro, Viktor"]
[Black "Lorenzo De La Riva, Lazaro"]
[WhiteFideId "4175700"]
[BlackFideId "2268809"]
[WhiteElo "2192"]
[BlackElo "2404"]
[Result "0-1"]
[Round "07"]
[TimeControl "180+2"]
[Date "2023.01.31"]
[WhiteClock "0:00:34"]
[BlackClock "0:01:07"]

1. c4 e5 2. Nc3 Nc6 3. g3 Bc5 4. Bg2 d6 5. e3 Bf5 6. Nge2 Nb4 7. O-O Bc2 8. d4 Bxd1 9. Rxd1 exd4 10. exd4 Bb6 11. Bxb7 Rb8 12. Bg2 c5 13. dxc5 Bxc5 14. a3 Nc2 15. Rb1 Qb6 16. Nd5 Bxf2+ 17. Kf1 Qc5 18. b4 Qxc4 19. Kxf2 Nf6 20. Nxf6+ gxf6 21. Bd5 Qa6 22. Rd2 Qb6+ 23. Kf3 Ne1+ 24. Kf4 Qf2+ 25. Ke4 f5# 0-1


[Site "https://www.chess.com"]

[Event "Titled Tuesday Blitz January 31 Early 2023"]
[White "Slade, Theodore"]
[Black "Abdilkhair, Abilmansur"]
[WhiteFideId "426547"]
[BlackFideId "13716417"]
[WhiteElo "1995"]
[BlackElo "2268"]
[Result "1/2-1/2"]
[Round "07"]
[TimeControl "180+2"]
[Date "2023.01.31"]
[WhiteClock "0:00:08"]
[BlackClock "0:00:06"]

1. d4 Nf6 2. c4 e6 3. g3 d5 4. Bg2 Be7 5. Nf3 O-O 6. O-O c6 7. Qc2 b6 8. b3 Bb7 9. Bb2 Nbd7 10. Nc3 Rc8 11. e4 c5 12. exd5 exd5 13. Rfd1 dxc4 14. d5 cxb3 15. axb3 Ne8 16. Rxa7 Nd6 17. Ne4 Ra8 18. Rxa8 Qxa8 19. Nxd6 Bxd6 20. Ng5 g6 21. Qc3 Be5 22. Qd2 Qa2 23. Bxe5 Qxd2 24. Rxd2 Nxe5 25. f4 Ng4 26. d6 Bxg2 27. Kxg2 Rd8 28. Kf3 h5 29. Ne4 Kg7 30. h3 Nf6 31. Nc3 Ne8 32. Nb5 Rd7 33. Ke4 Kf6 34. Kd5 Ng7 35. Kc6 Rd8 36. d7 Ne6 37. Kxb6 Ke7 38. Kc6 Rb8 39. Rf2 Nd8+ 40. Kxc5 Kxd7 41. Rd2+ Ke7 42. Re2+ Ne6+ 43. Kc4 Rc8+ 44. Kb4 Rc1 45. g4 Kf6 46. gxh5 gxh5 47. Nc3 Nxf4 48. Rf2 Ke5 49. Rxf4 Rxc3 50. Rxf7 Rxh3 51. Kc4 h4 52. b4 Rh1 53. Kc5 h3 54. Rh7 Rc1+ 55. Kb6 Rc3 56. b5 Kf4 57. Ka7 Kg4 58. b6 Rc5 59. b7 Ra5+ 60. Kb6 Ra1 61. b8=Q Rb1+ 62. Kc7 Rxb8 63. Kxb8 Kg3 64. Kc7 h2 65. Rg7+ Kf2 66. Rh7 Kg1 67. Rg7+ Kf1 68. Rf7+ Kg1 69. Rh7 h1=R 70. Rxh1+ Kxh1 1/2-1/2


[Site "https://www.chess.com"]

[Event "Titled Tuesday Blitz January 31 Early 2023"]
[White "Fiorito, Francisco"]
[Black "Mejia, Cherry Ann"]
[WhiteFideId "180165"]
[BlackFideId "5206880"]
[WhiteElo "2305"]
[BlackElo "1935"]
[Result "0-1"]
[Round "07"]
[TimeControl "180+2"]
[Date "2023.01.31"]
[WhiteClock "0:00:04"]
[BlackClock "0:00:06"]

1. Na3 e5 2. Nc4 Nc6 3. e4 Nf6 4. d3 d5 5. exd5 Nxd5 6. Nf3 Bg4 7. h3 Bxf3 8. Qxf3 Nd4 9. Qd1 Nc6 10. g3 Bc5 11. Bg2 O-O 12. O-O Qd7 13. c3 Rad8 14. Qe2 Rfe8 15. Bg5 f6 16. Bd2 Nb6 17. Bxc6 bxc6 18. Rad1 Qxh3 19. Be3 Bd6 20. Na5 f5 21. Bg5 Rd7 22. Nxc6 h6 23. Bc1 f4 24. Bxf4 e4 25. Bxd6 Rxd6 26. Nd4 e3 27. Qf3 Rf6 28. Qg2 Qxg2+ 29. Kxg2 e2 30. Nxe2 Rxe2 31. b4 Rxa2 32. c4 a5 33. b5 a4 34. Rde1 Rd6 35. Re8+ Kf7 36. Re3 Nd7 37. Rfe1 Kg6 0-1


[Site "https://www.chess.com"]

[Event "Titled Tuesday Blitz January 31 Early 2023"]
[White "Mione, Dario"]
[Black "Ismagilov, Damir"]
[WhiteFideId "806625"]
[BlackFideId "34199982"]
[WhiteElo "2228"]
[BlackElo "2156"]
[Result "0-1"]
[Round "07"]
[TimeControl "180+2"]
[Date "2023.01.31"]
[WhiteClock "0:00:02"]
[BlackClock "0:00:10"]

1. e4 g6 2. d4 Bg7 3. Nc3 d6 4. Be3 Nf6 5. f3 O-O 6. Qd2 e5 7. Nge2 Nc6 8. O-O-O exd4 9. Nxd4 Bd7 10. g4 Ne5 11. Be2 a6 12. h3 c5 13. Nb3 c4 14. f4 cxb3 15. fxe5 bxa2 16. Nxa2 Nxe4 17. Qd3 Ng3 18. Rhg1 Bb5 19. c4 Bxc4 20. Qxc4 Rc8 21. Rxg3 Rxc4+ 22. Bxc4 Qc7 23. exd6 Qxc4+ 24. Kb1 Qb3 25. Rd2 Rd8 26. Nc1 Qb4 27. d7 Rxd7 28. Rc2 Qe4 29. Bb6 Rd2 30. Rc3 Rxc2 31. Rxc2 Be5 32. Nb3 Qb4 33. Rc8+ Kg7 0-1


[Site "https://www.chess.com"]

[Event "Titled Tuesday Blitz January 31 Early 2023"]
[White "Alahakoon, Isuru"]
[Black "Derjabin, Ilja"]
[WhiteFideId "9900993"]
[BlackFideId "14104768"]
[WhiteElo "1819"]
[BlackElo "2333"]
[Result "1-0"]
[Round "07"]
[TimeControl "180+2"]
[Date "2023.01.31"]
[WhiteClock "0:00:16"]
[BlackClock "0:00:11"]

1. Nf3 c5 2. c3 d5 3. d4 e6 4. Bf4 Nf6 5. e3 Be7 6. Nbd2 Nh5 7. Be5 Nc6 8. Bd3 O-O 9. h4 f5 10. Bh2 Nf6 11. Qe2 Ne4 12. O-O-O cxd4 13. exd4 b5 14. Bxb5 Bd7 15. Bxc6 Bxc6 16. Ne5 Bb7 17. f3 Nd6 18. Nd3 Rf6 19. g4 fxg4 20. fxg4 Qa5 21. g5 Rf7 22. Qxe6 Bc8 23. Qe2 Qxa2 24. Rhf1 Bf5 25. Bxd6 Qa1+ 26. Nb1 Bxd3 27. Qxd3 Rxf1 28. Rxf1 Bxd6 29. Qf5 Qa5 30. Qe6+ Kh8 31. Qxd6 Qb5 32. Rf8+ 1-0


[Site "https://www.chess.com"]

[Event "Titled Tuesday Blitz January 31 Early 2023"]
[White "Defend, Balint"]
[Black "Fajdetic, Hrvoje"]
[WhiteFideId "17004853"]
[BlackFideId "14501945"]
[WhiteElo "1673"]
[BlackElo "2151"]
[Result "1-0"]
[Round "07"]
[TimeControl "180+2"]
[Date "2023.01.31"]
[WhiteClock "0:00:20"]
[BlackClock "0:00:02"]

1. e4 e6 2. d4 d5 3. Nc3 dxe4 4. Nxe4 Nd7 5. Bd3 Ngf6 6. Nf3 Nxe4 7. Bxe4 Nf6 8. Bd3 c5 9. O-O cxd4 10. Nxd4 Be7 11. c3 O-O 12. Bf4 Qa5 13. Re1 Bd7 14. Qf3 Qb6 15. Re2 Bc6 16. Nxc6 Qxc6 17. Qh3 Rfd8 18. Re3 Rd5 19. Be5 h6 20. Bxf6 Bxf6 21. Be4 Rad8 22. Bxd5 Qxd5 23. Qf3 Qb5 24. Qe2 Qb6 25. Rb1 Rd5 26. Rd3 Rc5 27. Rbd1 a5 28. Rd7 Rb5 29. R1d2 a4 30. g3 Rf5 31. R2d6 Qc5 32. Kg2 a3 33. bxa3 Qxa3 34. Rxe6 Qxc3 35. Re8+ Kh7 36. Qe4 Qc5 37. f4 Qc6 38. Qxc6 bxc6 39. Rxf7 Ra5 40. Re2 c5 41. Rc7 Bd4 42. Kf3 Kg6 43. Ke4 Ra3 44. Rc6+ Kh7 45. Kd5 h5 46. f5 h4 47. g4 h3 48. g5 1-0


[Site "https://www.chess.com"]

[Event "Titled Tuesday Blitz January 31 Early 2023"]
[White "Torres Dominguez, David"]
[Black "Senthil, Maran K"]
[WhiteFideId "2220857"]
[BlackFideId "25035681"]
[WhiteElo "1994"]
[BlackElo "2209"]
[Result "0-1"]
[Round "07"]
[TimeControl "180+2"]
[Date "2023.01.31"]
[WhiteClock "0:01:36"]
[BlackClock "0:01:31"]

1. e4 c5 2. Nc3 g6 3. f4 Bg7 4. Nf3 Nc6 5. a4 e6 6. d4 cxd4 7. Nb5 d5 8. e5 Bf8 9. Bd3 a6 10. Nbxd4 Qb6 11. c3 Be7 12. O-O Nh6 13. Be3 Qxb2 14. Qe1 Ng4 15. Rb1 Qa2 16. Nxc6 Nxe3 17. Nxe7 Qxg2# 0-1


[Site "https://www.chess.com"]

[Event "Titled Tuesday Blitz January 31 Early 2023"]
[White "Manukyan, Artyom"]
[Black "Osiecki, Stanislaw"]
[WhiteFideId "13305786"]
[BlackFideId "1102990"]
[WhiteElo "2110"]
[BlackElo "2055"]
[Result "1-0"]
[Round "07"]
[TimeControl "180+2"]
[Date "2023.01.31"]
[WhiteClock "0:00:24"]
[BlackClock "0:00:13"]

1. e4 e6 2. d4 d5 3. Bd3 dxe4 4. Bxe4 c5 5. Ne2 Nc6 6. Be3 Qb6 7. Nbc3 Nf6 8. Bf3 Be7 9. O-O O-O 10. dxc5 Qc7 11. a3 a6 12. b4 e5 13. Ng3 Rd8 14. Qe2 a5 15. Nb5 Qb8 16. c3 axb4 17. axb4 Rxa1 18. Rxa1 Bd7 19. h3 h6 20. Ne4 Nxe4 21. Bxe4 f5 22. Bd5+ Kh8 23. Bb3 Bf6 24. Nd6 Be8 25. Nxf5 Bg6 26. Nd6 b6 27. Qg4 Kh7 28. Ne4 Be7 29. cxb6 Qb7 30. f3 Ra8 31. Rd1 Rd8 32. Ra1 Nb8 33. Be6 Bxe4 34. fxe4 Nc6 35. Bf5+ Kg8 36. Bxh6 Bf6 37. Be3 Ne7 38. Be6+ Kf8 39. Bc5 Ra8 40. Rxa8+ Qxa8 41. Kh2 Qb7 42. Qg6 1-0


[Site "https://www.chess.com"]

[Event "Titled Tuesday Blitz January 31 Early 2023"]
[White "Vetokhin, Ilia"]
[Black "Souleidis, Georgios"]
[WhiteFideId "24156078"]
[BlackFideId "4206827"]
[WhiteElo "2305"]
[BlackElo "2419"]
[Result "1/2-1/2"]
[Round "07"]
[TimeControl "180+2"]
[Date "2023.01.31"]
[WhiteClock "0:00:26"]
[BlackClock "0:00:13"]

1. b3 d5 2. Bb2 Bf5 3. Nf3 e6 4. g3 Nf6 5. Bg2 Nbd7 6. O-O Bd6 7. c4 c6 8. d3 O-O 9. Nbd2 h6 10. a3 Bh7 11. Rc1 Qe7 12. b4 a5 13. c5 Bc7 14. Qc2 axb4 15. axb4 e5 16. e4 dxe4 17. dxe4 Rfd8 18. Rfd1 Nf8 19. Nh4 Ne6 20. Nf5 Bxf5 21. exf5 Nd4 22. Bxd4 exd4 23. Qd3 Ng4 24. Nc4 Ne5 25. Nxe5 Bxe5 26. Ra1 Bf6 27. h4 Qe5 28. Rdc1 Qe8 29. b5 Rxa1 30. Rxa1 Ra8 31. Rxa8 Qxa8 32. bxc6 bxc6 33. Qe4 Qa5 34. Qc2 Qe1+ 35. Bf1 Qe5 36. Kg2 Be7 37. Bd3 Bxc5 38. Be4 Qd6 39. g4 Qf4 40. Bf3 Bd6 41. Qxc6 d3 42. Qd5 d2 43. Qd3 Qh2+ 44. Kf1 Bf4 45. Ke2 Qxh4 46. f6 Qxf6 47. Qe4 g6 48. Qd3 Kg7 49. Be4 Qe5 50. Kf1 Bg5 51. Kg2 Qf4 52. Bf3 Bf6 53. Kf1 Qh2 54. Ke2 Qf4 55. Qxd2 Qc4+ 56. Qd3 Qc5 57. Kf1 Bd4 58. Qe2 Qc1+ 59. Kg2 Qf4 60. Qe4 Qd6 61. Qd3 Qe5 62. Qe4 Qf6 63. Qd3 Be5 64. Qe4 Bc7 65. Qd5 Qf4 66. Kf1 Be5 67. Qe4 Qc1+ 68. Kg2 Qc7 69. Qd5 Qe7 70. Qe4 Qg5 71. Kf1 Bf6 72. Ke2 Qb5+ 73. Ke1 Qb2 74. Qe2 Qc1+ 75. Qd1 Bc3+ 76. Ke2 Qb2+ 77. Kf1 Bd4 78. Qe2 Qc1+ 79. Kg2 Qf4 80. Qe4 Qf6 81. Qd5 Be5 82. Qe4 Qd6 83. Kf1 Qe7 84. Kg2 Qe6 85. Kf1 f5 86. gxf5 gxf5 87. Qb7+ Kf6 88. Qc6 Qxc6 89. Bxc6 Kg5 90. Kg2 h5 91. f3 Bf4 92. Kh3 Bd2 93. Ba8 Be1 94. Bb7 Kf4 95. Ba8 h4 96. Bb7 Bg3 97. Ba8 Ke3 98. Bb7 Kd4 99. Ba8 Ke3 100. Bb7 Kf4 101. Ba8 Kg5 102. Bb7 Kf4 1/2-1/2


[Site "https://www.chess.com"]

[Event "Titled Tuesday Blitz January 31 Early 2023"]
[White "Fiorito, Joaquin"]
[Black "Gatterer, Florian"]
[WhiteFideId "180173"]
[BlackFideId "811688"]
[WhiteElo "2405"]
[BlackElo "2170"]
[Result "1-0"]
[Round "07"]
[TimeControl "180+2"]
[Date "2023.01.31"]
[WhiteClock "0:01:32"]
[BlackClock "0:00:48"]

1. d4 Nf6 2. Nc3 d5 3. Bf4 c5 4. e4 Nxe4 5. Bb5+ Bd7 6. Nxd5 Nd6 7. Bxd6 exd6 8. Qe2+ Be7 9. Bxd7+ Qxd7 10. O-O-O cxd4 11. Nf3 Nc6 12. Rhe1 Kf8 13. Nxd4 Bd8 14. Kb1 Bb6 15. Nb5 Ne5 16. Nxb6 axb6 17. Rxd6 1-0


[Site "https://www.chess.com"]